[Event "Titled Tuesday Blitz September 14 2021"]
[White "Keymer, Vincent"]
[Black "Wagner, Dennis"]
[WhiteFideId "12940690"]
[BlackFideId "24650684"]
[WhiteElo "2524"]
[BlackElo "2355"]
[Result "1-0"]
[Round "06"]
[TimeControl "180+1"]
[Date "2021.09.15"]
[WhiteClock "0:00:07"]
[BlackClock "0:00:02"]

1. d4 Nf6 2. c4 e6 3. Nf3 d5 4. Nc3 c5 5. cxd5 cxd4 6. Qxd4 exd5 7. Bg5 Be7 8. e3 O-O 9. Bb5 a6 10. Ba4 Nc6 11. Bxc6 bxc6 12. O-O h6 13. Bh4 Be6 14. Na4 g5 15. Bg3 Ne4 16. Rac1 c5 17. Nxc5 Nxc5 18. Rxc5 Bxc5 19. Qxc5 Rc8 20. Qa3 Qb6 21. Nd4 Rfe8 22. h3 a5 23. b3 Bd7 24. Rd1 a4 25. bxa4 Ra8 26. Qb3 Qa5 27. Nb5 Bxb5 28. axb5 Qxa2 29. Qxd5 Qxd5 30. Rxd5 Red8 31. Rc5 Rd1+ 32. Kh2 Rb1 33. Bc7 Kg7 34. b6 f6 35. Rc2 Raa1 36. Kg3 Kg6 37. h4 Ra4 38. hxg5 hxg5 39. Rd2 Rbb4 40. f3 Rb1 41. e4 Rab4 42. Rd6 R4b2 43. e5 Rg1 44. f4 Rgxg2+ 45. Kf3 g4+ 46. Ke3 Rge2+ 47. Kd3 Red2+ 48. Kc3 Rdc2+ 49. Kd3 Rd2+ 50. Kc4 Rbc2+ 51. Kb5 Rxd6 52. exd6 g3 53. d7 Rd2 54. b7 g2 55. Bb6 Rxd7 56. b8=Q Rd1 57. Qg8+ Kf5 58. Qxg2 Rb1+ 59. Kc6 Rc1+ 60. Bc5 Rc4 61. Qd5+ Kg4 62. Qxc4 f5 63. Bd6 1-0


[Site "https://www.chess.com"]

[Event "Titled Tuesday Blitz September 14 2021"]
[White "Krysa, Leandro"]
[Black "Perez Ponsa, Federico"]
[WhiteFideId "116807"]
[BlackFideId "117927"]
[WhiteElo "2490"]
[BlackElo "2672"]
[Result "1/2-1/2"]
[Round "06"]
[TimeControl "180+1"]
[Date "2021.09.15"]
[WhiteClock "0:00:04"]
[BlackClock "0:00:03"]

1. e4 d6 2. d4 Nf6 3. Nc3 g6 4. Nf3 Bg7 5. Be2 O-O 6. O-O Nc6 7. Re1 e5 8. dxe5 dxe5 9. Qxd8 Rxd8 10. Bg5 Re8 11. Rad1 h6 12. Bh4 Bg4 13. Bxf6 Bxf6 14. Nd5 Bd8 15. c3 Kg7 16. Nd2 Be6 17. Nc4 Rc8 18. b4 Nb8 19. Bf3 Bf6 20. a4 Rcd8 21. Nce3 c6 22. Nc7 Rh8 23. Nxe6+ fxe6 24. Nc4 Nd7 25. Na5 Nb6 26. Nxb7 Rxd1 27. Rxd1 Nxa4 28. Rd7+ Kf8 29. Bg4 Nxc3 30. Nc5 Be7 31. Rxa7 Bxc5 32. bxc5 Nxe4 33. Bxe6 Nxc5 34. Bc4 h5 35. Rc7 Ne4 36. Rxc6 Kg7 37. g3 Rf8 38. Bd3 Nf6 39. f3 Rd8 40. Rc7+ Kh6 41. Rc6 Kg7 42. Rc7+ Rd7 43. Rxd7+ Nxd7 44. Kf2 Kf6 45. h4 Nc5 46. Ke3 Ne6 47. Be4 Nd4 48. Bd3 Nf5+ 49. Kf2 Ke6 50. Be4 Kf6 51. Bd3 Nd6 52. Bc2 Nb7 53. Bb1 Nc5 54. Be4 Nb3 55. Bc2 Nd4 56. Be4 Ne6 57. Bd3 Nf8 58. Be4 Nd7 59. Bd3 Nc5 60. Bc2 Na6 61. Ke3 Nb4 62. Be4 Na6 63. g4 hxg4 64. fxg4 Nc5 65. g5+ Kg7 66. Kf3 Kf7 67. Bc2 Kg7 68. Be4 Kf7 69. Bc2 Kg7 70. Be4 1/2-1/2


[Site "https://www.chess.com"]

[Event "Titled Tuesday Blitz September 14 2021"]
[White "Lagarde, Maxime"]
[Black "Deac, Bogdan-Daniel"]
[WhiteFideId "662399"]
[BlackFideId "1226380"]
[WhiteElo "2615"]
[BlackElo "2605"]
[Result "1-0"]
[Round "06"]
[TimeControl "180+1"]
[Date "2021.09.15"]
[WhiteClock "0:01:10"]
[BlackClock "0:00:07"]

1. Nf3 d5 2. g3 Nf6 3. Bg2 e6 4. O-O Be7 5. d3 O-O 6. Nbd2 Nc6 7. d4 b6 8. c4 Bb7 9. b3 a5 10. a3 Na7 11. Bb2 Nc8 12. Ne5 c6 13. Rc1 Nd6 14. Qc2 Rc8 15. c5 bxc5 16. dxc5 Nb5 17. e4 Nc7 18. Rfd1 Na6 19. Nd3 Nd7 20. b4 axb4 21. axb4 Nc7 22. h4 Ba6 23. Nb3 Bf6 24. Na5 Bxd3 25. Rxd3 Nb5 26. Nxc6 Rxc6 27. exd5 exd5 28. Bxd5 Rc7 29. Bc4 Qb8 30. Rcd1 Ne5 31. Bxe5 Bxe5 32. Rf3 Nd4 33. Rxd4 Bxd4 34. Qe4 Rd7 35. c6 Rd6 36. b5 Qc7 37. Rxf7 Qxf7 38. Bxf7+ Kxf7 39. Qf4+ Ke7 40. Qxf8+ Kxf8 41. c7 Bxf2+ 42. Kxf2 Rd2+ 43. Ke3 Rc2 44. b6 Ke7 45. b7 Rxc7 46. b8=Q 1-0


[Site "https://www.chess.com"]

[Event "Titled Tuesday Blitz September 14 2021"]
[White "Lashkin, Jegor"]
[Black "Mikhailov, Viacheslav"]
[WhiteFideId "13907808"]
[BlackFideId "4187369"]
[WhiteElo "2293"]
[BlackElo "2381"]
[Result "1-0"]
[Round "06"]
[TimeControl "180+1"]
[Date "2021.09.15"]
[WhiteClock "0:00:53"]
[BlackClock "0:00:30"]

1. d4 Nf6 2. c4 g6 3. Nc3 Bg7 4. e4 O-O 5. Nf3 d6 6. Be2 Bg4 7. Be3 Nbd7 8. Ng1 Bxe2 9. Ngxe2 e5 10. f3 exd4 11. Nxd4 Ne5 12. b3 Nc6 13. O-O Re8 14. Nde2 a6 15. Qd2 Qe7 16. Rac1 Rac8 17. Nd5 Nxd5 18. cxd5 Ne5 19. Nd4 c6 20. dxc6 Nxc6 21. Ne2 Rcd8 22. Nf4 Qe5 23. Nd5 f5 24. Nc7 Re7 25. Bg5 Rxc7 26. Bxd8 Rd7 27. Bb6 fxe4 28. fxe4 h5 29. Qd5+ Kh7 30. Qxe5 dxe5 31. Rcd1 Nd4 32. Rfe1 g5 33. Bxd4 exd4 34. e5 Kg6 35. Re4 Bf8 36. e6 Rg7 37. Rdxd4 Bc5 38. e7 Bxd4+ 39. Kh1 Rxe7 40. Rxe7 b6 41. b4 Bc3 42. Re6+ Kf5 43. Rxb6 1-0


[Site "https://www.chess.com"]

[Event "Titled Tuesday Blitz September 14 2021"]
[White "Mikhailovsky, Vladimir"]
[Black "Jones, Gawain C B"]
[WhiteFideId "34105414"]
[BlackFideId "409561"]
[WhiteElo "2414"]
[BlackElo "2657"]
[Result "0-1"]
[Round "06"]
[TimeControl "180+1"]
[Date "2021.09.15"]
[WhiteClock "0:00:05"]
[BlackClock "0:01:25"]

1. e4 c5 2. Nf3 g6 3. c3 d5 4. exd5 Qxd5 5. d4 Bg7 6. Na3 cxd4 7. Nb5 Na6 8. Be3 Nf6 9. Bxd4 O-O 10. Be2 Bg4 11. Qb3 Qe4 12. Kf1 e5 13. Nd6 Qd5 14. Qxd5 Nxd5 15. Nxe5 Bxe2+ 16. Kxe2 Bxe5 17. Bxe5 Rfe8 18. Nxe8 Rxe8 19. f3 Nc5 20. Rad1 Rxe5+ 21. Kf2 Nf4 22. Rd8+ Kg7 23. Rd2 Ncd3+ 24. Kg3 Ne2+ 25. Kh4 Rh5+ 26. Kg4 Ne5# 0-1


[Site "https://www.chess.com"]

[Event "Titled Tuesday Blitz September 14 2021"]
[White "Moroni, Luca Jr"]
[Black "Hansen, Eric"]
[WhiteFideId "865834"]
[BlackFideId "2606771"]
[WhiteElo "2491"]
[BlackElo "2568"]
[Result "0-1"]
[Round "06"]
[TimeControl "180+1"]
[Date "2021.09.15"]
[WhiteClock "0:00:03"]
[BlackClock "0:00:10"]

1. d4 Nf6 2. c4 e6 3. Nc3 Bb4 4. Nf3 O-O 5. Bg5 h6 6. Bh4 c5 7. Rc1 cxd4 8. Nxd4 Nc6 9. e3 Be7 10. Be2 b6 11. O-O Bb7 12. Bf3 a6 13. Qd2 Rc8 14. Rfd1 Na5 15. b3 d6 16. Bg3 Qc7 17. Bxb7 Qxb7 18. Nde2 Rfd8 19. h3 Nc6 20. Nd4 Ne5 21. Qe2 Rc7 22. Bxe5 dxe5 23. Nf3 Rxd1+ 24. Rxd1 e4 25. Nd2 b5 26. Rc1 Ba3 27. Rc2 Bb4 28. Nf1 bxc4 29. bxc4 Qc6 30. Nb1 Rd7 31. Nbd2 a5 32. Nb3 e5 33. Nbd2 Qd6 34. c5 Qd3 35. Nc4 Rd5 36. c6 Rc5 37. c7 Rxc7 38. a3 Bf8 39. Qxd3 exd3 40. Rc1 Bxa3 41. Rc3 Bb4 42. Rc1 d2 43. Nfxd2 Bxd2 44. Rd1 Rxc4 45. Rxd2 Rc8 46. Ra2 Ra8 0-1


[Site "https://www.chess.com"]

[Event "Titled Tuesday Blitz September 14 2021"]
[White "Mortazavi, Ali"]
[Black "Kovalev, Vladislav"]
[WhiteFideId "401323"]
[BlackFideId "13504398"]
[WhiteElo "2339"]
[BlackElo "2573"]
[Result "0-1"]
[Round "06"]
[TimeControl "180+1"]
[Date "2021.09.15"]
[WhiteClock "0:00:03"]
[BlackClock "0:00:07"]

1. e4 e5 2. Bc4 Nf6 3. d3 c6 4. Nf3 d5 5. Bb3 a5 6. a3 Bd6 7. Nc3 d4 8. Ne2 Nbd7 9. Ng3 Nc5 10. Ba2 Be6 11. Bxe6 fxe6 12. O-O O-O 13. c3 dxc3 14. bxc3 Bc7 15. Be3 Nxd3 16. Qb3 Qc8 17. Rad1 a4 18. Qa2 Nf4 19. Bxf4 exf4 20. Nf5 Re8 21. N5d4 Nxe4 22. Rde1 Nxc3 23. Qc2 Nd5 24. Ng5 Nf6 25. Ndxe6 h6 26. Qg6 Qd7 27. Rd1 Qe7 28. Nxc7 Qxc7 29. Nf3 Qf7 30. Qb1 Nd5 31. Nd4 Nc3 32. Qc2 Nxd1 33. Rxd1 Rad8 34. h3 Qd5 35. Kh2 f3 0-1


[Site "https://www.chess.com"]

[Event "Titled Tuesday Blitz September 14 2021"]
[White "Nakamura, Hikaru"]
[Black "Zhigalko, Sergei"]
[WhiteFideId "2016192"]
[BlackFideId "13502956"]
[WhiteElo "3181"]
[BlackElo "2956"]
[Result "1-0"]
[Round "06"]
[TimeControl "180+1"]
[Date "2021.09.15"]
[WhiteClock "0:00:20"]
[BlackClock "0:00:01"]

1. Nf3 d5 2. e3 Nf6 3. c4 e6 4. b3 Bd6 5. Bb2 O-O 6. g3 c5 7. Bg2 Nc6 8. O-O Qe7 9. Nc3 Rd8 10. cxd5 exd5 11. d4 Bg4 12. Ne2 Rac8 13. dxc5 Bxc5 14. h3 Bxf3 15. Bxf3 Ne4 16. a3 Qg5 17. h4 Qf5 18. Nf4 Ne5 19. Bg2 Nxf2 20. Rxf2 Bxe3 21. Bd4 Bxf2+ 22. Bxf2 d4 23. Bh3 Qe4 24. Bxc8 Nf3+ 25. Kg2 Ng5+ 26. Kh2 Nf3+ 27. Kh3 Rxc8 28. Qd3 Qxd3 29. Nxd3 Rc2 30. Rd1 f6 31. Kg2 Nd2 32. Nb4 Rb2 33. Bxd4 Rxb3 34. Rxd2 1-0


[Site "https://www.chess.com"]

[Event "Titled Tuesday Blitz September 14 2021"]
[White "Nazari, Arad"]
[Black "Sonis, Francesco"]
[WhiteFideId "12577324"]
[BlackFideId "895733"]
[WhiteElo "2153"]
[BlackElo "2373"]
[Result "0-1"]
[Round "06"]
[TimeControl "180+1"]
[Date "2021.09.15"]
[WhiteClock "0:00:45"]
[BlackClock "0:02:33"]

1. e4 Nc6 2. Nf3 e5 3. Bb5 a6 4. Bxc6 dxc6 5. d4 exd4 6. Qxd4 Qxd4 7. Nxd4 Bd7 8. Nc3 O-O-O 9. Be3 Re8 10. O-O-O Bb4 11. f3 f5 12. Nde2 Nf6 13. a3 Bd6 14. Bd4 fxe4 15. Bxf6 exf3 16. Bxg7 fxe2 17. Rde1 Rhg8 18. Bh6 Rxg2 19. Kd2 Bxh2 20. Be3 Bg4 21. Kd3 Bg3 22. Bd2 Rd8+ 23. Ke3 Bf2+ 24. Kf4 Rxd2 0-1


[Site "https://www.chess.com"]

[Event "Titled Tuesday Blitz September 14 2021"]
[White "Nesterov, Arseniy"]
[Black "Shkapenko, Pavel"]
[WhiteFideId "24198455"]
[BlackFideId "4151933"]
[WhiteElo "2494"]
[BlackElo "2386"]
[Result "1-0"]
[Round "06"]
[TimeControl "180+1"]
[Date "2021.09.15"]
[WhiteClock "0:00:19"]
[BlackClock "0:00:28"]

1. d4 Nf6 2. c4 e6 3. Nf3 Bb4+ 4. Bd2 Qe7 5. g3 Nc6 6. Nc3 Bxc3 7. Bxc3 Ne4 8. Rc1 O-O 9. Bg2 d6 10. d5 Nd8 11. O-O Nxc3 12. Rxc3 e5 13. b4 f5 14. c5 Nf7 15. Nd2 a5 16. a3 axb4 17. axb4 Bd7 18. Nb3 Bb5 19. Qc2 Ba4 20. Qxf5 Bxb3 21. Rxb3 dxc5 22. bxc5 Qxc5 23. Rxb7 Nd6 24. Qe6+ Kh8 25. Rbb1 Rae8 26. Qd7 Rf7 27. Qc6 Qxc6 28. dxc6 e4 29. Bh3 Ref8 30. Rfd1 Rf6 31. Bd7 g6 32. Rd5 h6 33. Ra1 g5 34. Ra7 Rxf2 35. Rxd6 cxd6 36. c7 g4 37. Bxg4 h5 38. c8=Q Rxc8 39. Bxc8 Rxe2 40. Re7 d5 41. Bb7 Rd2 42. Re5 Kg7 43. Rxd5 e3 44. Rxd2 exd2 45. Bf3 Kh6 46. h4 1-0


[Site "https://www.chess.com"]

[Event "Titled Tuesday Blitz September 14 2021"]
[White "Nimrod_Veinberg"]
[Black "Chigaev, Maksim"]
[BlackFideId "4108116"]
[WhiteElo "2741"]
[BlackElo "2610"]
[Result "0-1"]
[Round "06"]
[TimeControl "180+1"]
[Date "2021.09.15"]
[WhiteClock "0:00:11"]
[BlackClock "0:00:26"]

1. d4 Nf6 2. c4 e6 3. Nf3 b6 4. a3 Bb7 5. Nc3 Ne4 6. Nxe4 Bxe4 7. Nd2 Bb7 8. e4 d6 9. Bd3 Nd7 10. O-O g6 11. b4 Bg7 12. Bb2 O-O 13. Qe2 c5 14. Nb3 Qc7 15. f4 a5 16. dxc5 Bxb2 17. Qxb2 dxc5 18. bxa5 bxa5 19. e5 Rab8 20. Qc3 a4 21. Nd2 Rfd8 22. Be4 Bc6 23. Qf3 Nb6 24. Rad1 Be8 25. Bc2 Kg7 26. Qg3 Bc6 27. Qg5 Rd4 28. h4 Qd8 0-1


[Site "https://www.chess.com"]

[Event "Titled Tuesday Blitz September 14 2021"]
[White "Perez Molina, Robinson"]
[Black "Yoo, Christopher Woojin"]
[WhiteFideId "3403882"]
[BlackFideId "30909694"]
[WhiteElo "2252"]
[BlackElo "2105"]
[Result "1/2-1/2"]
[Round "06"]
[TimeControl "180+1"]
[Date "2021.09.15"]
[WhiteClock "0:00:14"]
[BlackClock "0:00:04"]

1. Nf3 Nf6 2. c4 e6 3. Nc3 d5 4. d4 c6 5. Bg5 h6 6. Bxf6 Qxf6 7. e3 Nd7 8. Qc2 g6 9. cxd5 exd5 10. Bd3 Bg7 11. O-O O-O 12. Rab1 a5 13. a3 Qe7 14. b4 axb4 15. axb4 Nf6 16. b5 c5 17. dxc5 Qxc5 18. Na4 Qxc2 19. Bxc2 Be6 20. Nd4 Nd7 21. Rfd1 Rfc8 22. Bb3 Bxd4 23. Rxd4 Nc5 24. Nxc5 Rxc5 25. Bd1 Ra2 26. g4 b6 27. h3 Rc4 28. Bf3 Rxd4 29. exd4 Ra4 30. Rd1 Rb4 31. Be2 Bd7 32. Kg2 Bxb5 33. Bxb5 Rxb5 34. Rc1 Rb4 35. Rc6 Kf8 36. f3 Ke7 37. h4 b5 38. Rb6 Rxd4 39. Rxb5 h5 40. gxh5 gxh5 41. Kg3 Kf6 42. Rb7 Kg6 43. Rd7 f6 44. Rd8 Rd1 45. Rg8+ Kh7 46. Rd8 d4 47. Kf4 Kg6 48. Rg8+ Kf7 49. Rh8 Kg6 50. Rg8+ Kh7 51. Rd8 Rh1 52. Kg3 Rg1+ 53. Kf4 Rh1 54. Kg3 Rd1 55. Kf4 1/2-1/2


[Site "https://www.chess.com"]

[Event "Titled Tuesday Blitz September 14 2021"]
[White "Rodriguez Hernandez, Luis Daniel"]
[Black "Kamsky, Gata"]
[WhiteFideId "3506770"]
[BlackFideId "2000024"]
[WhiteElo "2133"]
[BlackElo "2603"]
[Result "0-1"]
[Round "06"]
[TimeControl "180+1"]
[Date "2021.09.15"]
[WhiteClock "0:01:18"]
[BlackClock "0:01:43"]

1. e4 e5 2. Nf3 Nc6 3. Bc4 Nf6 4. Ng5 d5 5. exd5 Na5 6. Bb5+ Bd7 7. Qe2 Be7 8. Nf3 O-O 9. Nxe5 Bxb5 10. Qxb5 c6 11. dxc6 Nxc6 12. Nf3 Nd4 13. Nxd4 Qxd4 14. O-O Bd6 15. c3 Bxh2+ 16. Kxh2 Qh4+ 17. Kg1 Ng4 18. Rd1 Qxf2+ 19. Kh1 Qh4+ 20. Kg1 Rae8 21. Qc5 Re5 22. Qd4 Rf5 0-1


[Site "https://www.chess.com"]

[Event "Titled Tuesday Blitz September 14 2021"]
[White "Sarana, Alexey"]
[Black "Darini, Pouria"]
[WhiteFideId "24133795"]
[BlackFideId "12502200"]
[WhiteElo "2671"]
[BlackElo "2489"]
[Result "1-0"]
[Round "06"]
[TimeControl "180+1"]
[Date "2021.09.15"]
[WhiteClock "0:01:36"]
[BlackClock "0:00:28"]

1. e4 c5 2. Nf3 d6 3. d4 cxd4 4. Nxd4 Nf6 5. Nc3 a6 6. Be3 e5 7. Nb3 Be6 8. f3 h5 9. Nd5 Bxd5 10. exd5 g6 11. Qd2 Nbd7 12. O-O-O Rc8 13. Kb1 Qc7 14. Be2 Bg7 15. h4 Nb6 16. c4 O-O 17. Rc1 e4 18. Qa5 exf3 19. Bxb6 Qd7 20. Bxf3 Qf5+ 21. Ka1 Nd7 22. Bd4 Ne5 23. c5 Nxf3 24. Bxg7 Kxg7 25. gxf3 Qxd5 26. Rhd1 Qxf3 27. Rxd6 Qf4 28. Qc3+ Kg8 29. Rd4 Qf5 30. a3 Rfe8 31. Rd6 Re4 32. Rcd1 Rce8 33. Rd8 Kh7 34. Ka2 Re3 35. Qd4 Qc2 36. Qd5 R8e6 37. Rd7 Kg8 38. Rd2 Qe4 39. Rxb7 Qxh4 40. c6 R3e5 41. c7 1-0


[Site "https://www.chess.com"]

[Event "Titled Tuesday Blitz September 14 2021"]
[White "Seliverstov, Vladimir"]
[Black "Sadhwani, Raunak"]
[WhiteFideId "4192036"]
[BlackFideId "35093487"]
[WhiteElo "2489"]
[BlackElo "2517"]
[Result "0-1"]
[Round "06"]
[TimeControl "180+1"]
[Date "2021.09.15"]
[WhiteClock "0:01:02"]
[BlackClock "0:00:43"]

1. d4 d6 2. Bf4 Nf6 3. e3 g6 4. Nf3 Bg7 5. h3 O-O 6. Be2 Nfd7 7. Bh2 e5 8. dxe5 Nxe5 9. Nc3 Nbc6 10. O-O h6 11. Nxe5 dxe5 12. Qxd8 Rxd8 13. Nb5 Bf5 14. Rac1 Rac8 15. Bc4 a6 16. Nc3 b5 17. Bd5 Nb4 18. Bb3 c5 19. a3 c4 20. axb4 cxb3 21. cxb3 Be6 22. Ne4 Bxb3 23. Rc5 Rxc5 24. Nxc5 Bc4 25. Rc1 Rd6 26. e4 f6 27. f3 h5 28. Bg3 Bh6 29. Ra1 Rd2 30. Rxa6 Be3+ 31. Kh2 Bf1 32. Bh4 g5 33. Be1 Rxg2+ 34. Kh1 Rg1+ 35. Kh2 Rg2+ 36. Kh1 Re2 0-1


[Site "https://www.chess.com"]

[Event "Titled Tuesday Blitz September 14 2021"]
[White "Stoyanov, Tsvetan"]
[Black "Pridorozhni, Aleksei"]
[WhiteFideId "2917173"]
[BlackFideId "4127870"]
[WhiteElo "2191"]
[BlackElo "2565"]
[Result "1-0"]
[Round "06"]
[TimeControl "180+1"]
[Date "2021.09.15"]
[WhiteClock "0:00:04"]
[BlackClock "0:00:55"]

1. e4 c5 2. Nf3 e6 3. d4 cxd4 4. Nxd4 Nf6 5. Nc3 Nc6 6. Ndb5 Bc5 7. Bf4 O-O 8. Bc7 Qe7 9. Bd6 Bxd6 10. Qxd6 Qd8 11. Be2 a6 12. Nc7 Ra7 13. e5 Nxe5 14. Qxe5 b6 15. N7b5 axb5 16. Nxb5 Ra5 17. O-O Bb7 18. Rfd1 Bc6 19. a4 Qa8 20. Qg3 Rxa4 21. Rxa4 Qxa4 22. Nd4 Be4 23. Bb5 Qb4 24. b3 Qc5 25. c4 d5 26. h3 h6 27. Qc3 Rc8 28. Ba6 Ra8 29. Bb5 Bg6 30. b4 Qc7 31. Qb3 dxc4 32. Bxc4 Rd8 33. Bf1 Ne4 34. Nb5 Qb8 35. Rxd8+ Qxd8 36. Qe3 Nf6 37. Qd4 Qxd4 38. Nxd4 Kf8 39. Bc4 Ke7 40. f4 Be4 41. Kf2 Bd5 42. Bd3 Kd6 43. g3 g5 44. Ke3 gxf4+ 45. gxf4 Nd7 46. f5 e5 47. Nb5+ Ke7 48. Nc3 Bc6 49. Be4 Kd6 50. b5 Bxe4 51. Nxe4+ Kd5 52. Nf2 Nf6 53. Nd3 e4 54. Nb4+ Kc5 55. Nc6 Kxb5 56. Ne5 Kc5 57. Nxf7 b5 58. Nxh6 b4 59. Kd2 Kd4 60. Ng4 Nxg4 61. hxg4 e3+ 62. Ke2 b3 63. f6 b2 64. f7 b1=Q 65. f8=Q Qd3+ 66. Ke1 Qf1+ 67. Kxf1 1-0


[Site "https://www.chess.com"]

[Event "Titled Tuesday Blitz September 14 2021"]
[White "Sviridov_Valery"]
[Black "Makarian, Rudik"]
[BlackFideId "44105681"]
[WhiteElo "2964"]
[BlackElo "2411"]
[Result "1-0"]
[Round "06"]
[TimeControl "180+1"]
[Date "2021.09.15"]
[WhiteClock "0:00:58"]
[BlackClock "0:00:05"]

1. Nf3 Nf6 2. g3 g6 3. Bg2 Bg7 4. O-O c5 5. c4 Nc6 6. Nc3 d6 7. d4 cxd4 8. Nxd4 Bd7 9. b3 Qc8 10. Bb2 h5 11. h4 Bh3 12. Rc1 O-O 13. Nd5 Re8 14. Nxc6 bxc6 15. Nxf6+ exf6 16. e3 Bxg2 17. Kxg2 Qe6 18. Qf3 Rac8 19. Rfd1 f5 20. Bxg7 Kxg7 21. Rd4 Qe5 22. Rcd1 Re6 23. R1d2 a5 24. R2d3 Rc7 25. Qd1 Rd7 26. Qd2 Qc5 27. Qb2 Kg8 28. a3 Rb7 29. Qc1 Qe5 30. Qd2 Rd7 31. b4 axb4 32. axb4 Kg7 33. Qd1 c5 34. bxc5 Qxc5 35. Qa4 Rc7 36. Qa1 Kg8 37. Ra3 Rc8 38. Ra5 Qc6+ 39. Kg1 Re4 40. Ra6 Qe8 41. Raxd6 Ra8 42. Qxa8 Qxa8 43. Rd8+ Qxd8 44. Rxd8+ Kg7 45. Rd4 Re6 46. Kg2 Rc6 47. Kf3 Kf6 48. Ke2 Ke6 49. Kd3 Ra6 50. Kc3 Ra3+ 51. Kb2 Ra8 52. Kb3 Rb8+ 53. Kc3 Ra8 54. c5 Ra1 55. Kb4 Rb1+ 56. Kc4 Rb2 57. c6 Rxf2 58. Kc5 Rc2+ 59. Kb6 f6 60. c7 g5 61. Kb7 Rb2+ 62. Kc8 Rc2 63. Kd8 Ke5 64. c8=Q Rxc8+ 65. Kxc8 f4 66. gxf4+ 1-0


[Site "https://www.chess.com"]

[Event "Titled Tuesday Blitz September 14 2021"]
[White "Vasquez Schroeder, Rodrigo"]
[Black "Andreikin, Dmitry"]
[WhiteFideId "3400042"]
[BlackFideId "4158814"]
[WhiteElo "2568"]
[BlackElo "2736"]
[Result "0-1"]
[Round "06"]
[TimeControl "180+1"]
[Date "2021.09.15"]
[WhiteClock "0:00:14"]
[BlackClock "0:00:09"]

1. e4 c5 2. Nf3 Nc6 3. Bb5 Nf6 4. Bxc6 dxc6 5. d3 Bg4 6. h3 Bh5 7. Nbd2 Nd7 8. Nf1 e5 9. Ng3 Bg6 10. b3 f6 11. h4 h5 12. Be3 Be7 13. Nd2 Nf8 14. Nf5 Ne6 15. Qf3 Bf8 16. Qg3 Bf7 17. Qf3 Nd4 18. Bxd4 cxd4 19. a3 Qa5 20. Ke2 Qc3 21. Rhc1 g6 22. Nd6+ Ke7 23. Nxf7 Kxf7 24. Nc4 Ke7 25. Ra2 Bh6 26. Rd1 b5 27. Nd2 a5 28. Nb1 Qc5 29. Kf1 a4 30. g3 Qd6 31. Rb2 Qe6 32. b4 Qg4 33. Kg2 Rad8 34. c4 dxc3 35. Nxc3 Rd6 36. Qxg4 hxg4 37. Kf1 Rhd8 38. Ke2 f5 39. exf5 gxf5 40. Rc2 f4 41. gxf4 exf4 42. f3 gxf3+ 43. Kxf3 Rxd3+ 44. Rxd3 Rxd3+ 45. Kg4 f3 46. Ne4 Rxa3 47. Rxc6 Re3 48. Ng3 f2 49. Nf5+ Kd7 50. Rd6+ Kc7 51. Nxe3 Kxd6 52. Nf1 a3 53. Kf3 a2 54. Kxf2 a1=Q 0-1


[Site "https://www.chess.com"]

[Event "Titled Tuesday Blitz September 14 2021"]
[White "Vitiugov, Nikita"]
[Black "Weetik, Vjacheslav"]
[WhiteFideId "4152956"]
[BlackFideId "4153472"]
[WhiteElo "2673"]
[BlackElo "2469"]
[Result "1-0"]
[Round "06"]
[TimeControl "180+1"]
[Date "2021.09.15"]
[WhiteClock "0:00:24"]
[BlackClock "0:00:03"]

1. c4 e5 2. Nc3 Bb4 3. Nd5 a5 4. Nf3 d6 5. g3 c6 6. Nxb4 axb4 7. Bg2 f5 8. O-O Nf6 9. b3 O-O 10. d4 e4 11. Ne1 d5 12. Nc2 Na6 13. Bf4 Be6 14. c5 b6 15. Bd6 Rf7 16. Qd2 Ne8 17. Be5 bxc5 18. dxc5 Nxc5 19. Nxb4 Qa5 20. Qc3 Bd7 21. Rfc1 Ne6 22. Nxc6 Qxc3 23. Rxc3 f4 24. a4 h5 25. b4 h4 26. b5 f3 27. exf3 h3 28. Bxh3 Ng5 29. Bxd7 Rxd7 30. fxe4 dxe4 31. Kg2 Nf3 32. Bf4 Nf6 33. Ne5 1-0


[Site "https://www.chess.com"]

[Event "Titled Tuesday Blitz September 14 2021"]
[White "Andreikin, Dmitry"]
[Black "Vitiugov, Nikita"]
[WhiteFideId "4158814"]
[BlackFideId "4152956"]
[WhiteElo "2736"]
[BlackElo "2673"]
[Result "1-0"]
[Round "07"]
[TimeControl "180+1"]
[Date "2021.09.15"]
[WhiteClock "0:00:40"]
[BlackClock "0:00:03"]

1. d4 Nf6 2. c4 g6 3. Nc3 Bg7 4. e4 d6 5. h3 e5 6. dxe5 dxe5 7. Qxd8+ Kxd8 8. Nf3 Nbd7 9. Be3 c6 10. c5 Bf8 11. Ng5 Ke8 12. Bc4 Bxc5 13. Nxf7 Rf8 14. Bxc5 Nxc5 15. Nxe5 Nfxe4 16. Nxe4 Nxe4 17. O-O-O Rf5 18. Nd3 Nd6 19. Rhe1+ Kf8 20. Bb3 Rf6 21. Nc5 Nf7 22. Ne4 Rf4 23. g3 Rf5 24. Bxf7 Rxf7 25. Rd8+ Ke7 26. Rh8 Kd7 27. f4 Kc7 28. Ng5 Rd7 29. Ree8 b6 30. g4 c5 31. Ne6+ Kb7 32. f5 gxf5 33. gxf5 1-0


[Site "https://www.chess.com"]

[Event "Titled Tuesday Blitz September 14 2021"]
[White "Bailleau, Gerald"]
[Black "Yaksin, Oleg"]
[WhiteFideId "2019442"]
[BlackFideId "24105880"]
[WhiteElo "2735"]
[BlackElo "2310"]
[Result "0-1"]
[Round "07"]
[TimeControl "180+1"]
[Date "2021.09.15"]
[WhiteClock "0:00:02"]
[BlackClock "0:00:13"]

1. d4 Nf6 2. c4 e6 3. Nf3 b6 4. g3 Bb7 5. Bg2 Be7 6. O-O O-O 7. Qc2 c5 8. d5 exd5 9. Nh4 Bc6 10. cxd5 Nxd5 11. Nf5 Nb4 12. Qd1 Bxg2 13. Kxg2 Bf6 14. Nc3 d5 15. e4 d4 16. Nb5 a6 17. Nbd6 g6 18. Bh6 gxf5 19. Nxf5 Kh8 20. Bxf8 Qxf8 21. f4 Qc8 22. a3 N4c6 23. Qh5 Qf8 24. e5 Bg7 25. Rae1 Nd7 26. g4 Re8 27. Rf3 c4 28. Rh3 h6 29. g5 Re6 30. Rf1 Rg6 31. Rff3 Kg8 32. Rfg3 Ndxe5 33. fxe5 Nxe5 34. gxh6 Qa8+ 35. Kf2 Nd3+ 36. Rxd3 Qg2+ 37. Ke1 Qg1+ 38. Kd2 Rg2+ 39. Qe2 Rxe2+ 40. Kxe2 cxd3+ 41. Kxd3 Qf1+ 42. Ke4 Qxh3 43. hxg7 Qg2+ 44. Kxd4 Qg4+ 45. Ke5 Qg5 46. h4 Qd2 47. Kf6 Qxb2+ 48. Ke7 Qxa3+ 49. Kf6 Qc3+ 50. Kg5 a5 51. h5 Qxg7+ 52. Nxg7 Kxg7 53. h6+ Kh7 0-1


[Site "https://www.chess.com"]

[Event "Titled Tuesday Blitz September 14 2021"]
[White "Bortnyk, Olexandr"]
[Black "Lagarde, Maxime"]
[WhiteFideId "14120828"]
[BlackFideId "662399"]
[WhiteElo "2723"]
[BlackElo "2615"]
[Result "0-1"]
[Round "07"]
[TimeControl "180+1"]
[Date "2021.09.15"]
[WhiteClock "0:00:03"]
[BlackClock "0:00:05"]

1. d4 d6 2. Nc3 Nf6 3. e4 g6 4. Bg5 Bg7 5. Qd2 Nc6 6. O-O-O h6 7. Bh4 g5 8. Bg3 Nh5 9. Nge2 a6 10. d5 Ne5 11. Bxe5 Bxe5 12. g3 b5 13. f4 Bg7 14. Nd4 Bd7 15. Be2 Nf6 16. e5 b4 17. exf6 bxc3 18. Qxc3 Bxf6 19. Bh5 O-O 20. h4 g4 21. f5 Bxf5 22. Qe3 Bh7 23. Bxg4 c5 24. Nc6 Qb6 25. c3 Rab8 26. Rh2 Qb5 27. Nxb8 Rxb8 28. Rf2 Qa4 29. Bf5 Bxf5 30. Rxf5 Qxa2 31. Rf2 Qa1+ 32. Kd2 Rxb2+ 33. Ke1 Bxc3+ 34. Qxc3 Re2+ 35. Rxe2 Qxc3+ 36. Kf2 a5 37. Rde1 Kf8 38. Kg2 Qd4 39. Rxe7 Qxd5+ 40. Kh2 a4 41. R1e2 Qd3 42. Re8+ Kg7 43. R8e3 Qc4 44. Rf2 d5 45. Ra3 d4 46. Rfa2 d3 47. Rd2 Qb4 48. Rdxd3 c4 49. Rf3 h5 50. Rfc3 Kf6 51. Re3 Kf5 52. Kg2 Kg6 53. Kh2 f5 54. Rf3 Kf6 55. Rae3 Qd2+ 56. Kh3 Qd5 57. Kh2 Qc5 58. Rc3 Qd4 59. Ra3 Qd2+ 60. Kg1 Qd1+ 61. Kh2 Ke5 62. Rac3 Kd4 63. Ra3 Qb3 64. Raxb3 axb3 65. Rxf5 b2 66. Rb5 c3 67. g4 hxg4 68. h5 c2 69. Rxb2 c1=Q 70. Rb4+ Ke5 71. Rxg4 Kf5 72. Rg3 Qf4 73. Kg2 Qe4+ 74. Kh2 Qe2+ 75. Kg1 Qxh5 76. Rg2 Qd1+ 77. Kh2 Kf4 78. Rf2+ Kg4 79. Rg2+ Kh4 80. Rf2 Qd6+ 81. Kg2 Qd5+ 82. Kh2 Qe5+ 83. Kg2 Qe3 84. Kh1 Qe1+ 85. Kg2 Kg4 86. Rf1 Qe4+ 87. Kf2 Qc2+ 88. Ke3 Qc3+ 89. Ke2 Qc4+ 90. Kf2 Qe4 91. Rc1 Qf4+ 92. Ke2 Qxc1 93. Kd3 Qc6 0-1


[Site "https://www.chess.com"]